 Dungeon Crawl Stone Soup version 0.22-a0-247-gbddf880757 (webtiles) character file.

65 Peterchen the Skirmisher (level 3, 0/29 HPs)
             Began as a Demonspawn Abyssal Knight on Feb 23, 2018.
             Was a Follower of Lugonu.
             Succumbed to an adder's poison
             ... on level 2 of the Dungeon.
             The game lasted 00:07:10 (2336 turns).

Peterchen the Skirmisher (DsAK)                     Turns: 2336, Time: 00:07:10

Health: 0/29       AC:  5    Str: 13    XL:     3   Next: 94%
Magic:  5/5        EV:  7    Int: 13    God:    Lugonu [*.....]
Gold:   89         SH:  6    Dex: 12    Spells: 2/2 levels left

rFire    . . .     SeeInvis .   a - +1 falchion
rCold    . . .     Gourm    .   e - +0 shield (curse)
rNeg     . . .     Faith    .   h - +0 ring mail
rPois    .         Spirit   .   (no helmet)
rElec    .         Reflect  .   (no cloak)
rCorr    .         Harm     .   (no gloves)
MR       .....                  (no boots)
Stlth    +.........             d - amulet of rage
HPRegen  0.09/turn              (no ring)
MPRegen  0.09/turn              (no ring)

@: lethally poisoned (0 -> -16), very slightly contaminated, invisible
A: claws 1
a: Depart the Abyss, Renounce Religion, Evoke Berserk Rage


You were on level 2 of the Dungeon.
You worshipped Lugonu.
Lugonu was aware of your devotion.
You were not hungry.

You visited 1 branch of the dungeon, and saw 2 of its levels.
You visited the Abyss 1 time.

You collected 89 gold pieces.

Inventory:

Hand Weapons
 a - a +1 falchion (weapon)
Armour
 e - a cursed +0 shield (worn)
 h - a +0 ring mail (worn)
Jewellery
 d - an amulet of rage (around neck)
Scrolls
 b - a scroll of enchant armour {unknown}
 g - a scroll of magic mapping {unknown}
 i - a scroll of remove curse {unknown}
Comestibles
 c - 5 rations
 j - 3 chunks of flesh


   Skills:
 + Level 3.2 Fighting
 * Level 2.8 Long Blades
 + Level 2.2 Armour
 + Level 1.4 Dodging
 + Level 3.1 Invocations


You had 2 spell levels left.
You didn't know any spells.

Dungeon Overview and Level Annotations

Branches:
Dungeon (2/15)

Altars:


Innate Abilities, Weirdness & Mutations

You have sharp fingernails.


Message History

The adder poisons you!
* * * LOW HITPOINT WARNING * * *
You feel sick.
* * * LOW HITPOINT WARNING * * *
You feel sick. The adder bites you but does no damage.
It was a potion of invisibility.
You fade into invisibility!
* * * LOW HITPOINT WARNING * * *
You feel sick. The adder bites you but does no damage.
You are very lightly contaminated with residual magic.
You fail to use your ability.
* * * LOW HITPOINT WARNING * * *
You feel sick. The adder barely misses you.
You riposte.
You closely miss the adder.
The adder is lightly wounded.
The adder bites you.
* * * LOW HITPOINT WARNING * * *
You are more poisoned.
The adder poisons you!
You die...

#.####...###.### #
................ #.
#.####...####### #..
#.####...# # ....
.........#######
.....######.#####.........
#......(# #.........
#....S..# ##.#######
#......@###### #.#######
#............# #.##.....
#.#........#.###.##...[. #
#........#.##..##.....
+........#.##..##.....
#........#.##..##.....
#........#.##..##.....
#........#.##..##.....
#........#.##..##.....


You could see an adder.

Vanquished Creatures
  2 adders (D:2)
  A worm (D:2)
  A dart slug (D:2)
  A leopard gecko (D:2)
  3 giant cockroaches (D:1)
  4 goblins
  10 hobgoblins
  3 jackals (D:1)
  2 quokkas (D:2)
  3 bats (D:1)
  2 kobolds (D:1)
  5 rats
37 creatures vanquished.

Notes
Turn   | Place    | Note
-------+----------+-------------------------------------------
     0 | Abyss:1  | Peterchen the Demonspawn Abyssal Knight began the quest for the Orb.
     0 | Abyss:1  | Reached XP level 1. HP: 18/18 MP: 2/2
    61 | Abyss:1  | Noticed a raiju
    61 | D:1      | Escaped the Abyss
   197 | D:1      | Reached skill level 1 in Dodging
   522 | D:2      | Gained mutation: You have sharp fingernails. [demonic ancestry]
   522 | D:2      | Reached XP level 2. HP: 7/24 MP: 3/3
   764 | D:1      | Reached * piety under Lugonu
  1147 | D:1      | Reached XP level 3. HP: 29/29 MP: 5/5
  2335 | D:2      | HP: 1/29 [adder (3)]
  2336 | D:2      | Succumbed to an adder's poison

Vault maps used:
D:1:      shiori_arrival_elements

Skill      XL: |  1  2  3 |
---------------+----------+-----
Dodging        | 1 |  1.4
Long Blades    | 2 |  2.8
Armour         | 2 |  2.2
Invocations    | 3 |  3.1
Fighting       | |  3.2

Action                   || total
-------------------------++-------
Melee: Falchion          ||   129
Invok: Depart the Abyss  ||     1
  Use: Potion            ||     1
  Eat: Chunk             ||     5
Armor: Ring mail         ||    37
Dodge: Dodged            ||    47
Block: Shield            ||    34
       Rpst.: Falchion   ||    13

Table legend:
 A = Spawn XP
 B = Non-spawn XP
 C = Spawn XP percentage of total XP
 D = Spawn monster count
 E = Non-spawn monster count
 F = Spawn count percentage of total count
 G = Total turns spent on level
                    A         B        C        D         E        F      G
               +---------+---------+-------+---------+---------+-------+---------
         Total |       0 |      94 |   0.0 |       0 |      37 |   0.0 |  2336
               +---------+---------+-------+---------+---------+-------+---------
           D:1 |       0 |      40 |   0.0 |       0 |      23 |   0.0 |   984
           D:2 |       0 |      54 |   0.0 |       0 |      14 |   0.0 |  1291
               +---------+---------+-------+---------+---------+-------+---------
